 Seeded DCSS version 0.30-a0-422-g946f4849ff (webtiles) character file.

Game seed: 4009391239190853477 (custom seed)

8143 flotson the Anamnesiscian (level 11, -25/75 HPs)
             Began as a Demonspawn Delver on Dec 8, 2022.
             Was an Elder of Hepliaklqana.
             Annihilated by a very large slime creature (44 damage)
             ... on level 9 of the Dungeon.
             The game lasted 00:15:38 (9164 turns).

flotson the Anamnesiscian (Demonspawn Delver)       Turns: 9164, Time: 00:15:38

Health: -25/75     AC: 15    Str: 19    XL:     11   Next: 6%
Magic:  0/17       EV:  9    Int: 20    God:    Hepliaklqana [****..]
Gold:   717        SH:  5    Dex: 15    Spells: 10/10 levels left

rFire   . . .      SeeInvis .    a - +4 war axe (freeze)
rCold   . . .      Faith    .    C - +0 buckler
rNeg    . . .      Spirit   +    L - +3 chain mail of Evolution {rElec Str+3 Int+4}
rPois   .          Reflect  .    (no helmet)
rElec   +          Harm     .    (no cloak)
rCorr   +          Rampage  .    D - +0 pair of gloves
Will    .....                    m - +0 pair of boots
Stlth   ..........               G - amulet of guardian spirit
HPRegen 0.32/turn                o - ring of resist corrosion
MPRegen 0.15/turn                (no ring)

@: no status effects
A: reduced essence, spiny 1, big brain 2, demonic magic 2
a: Renounce Religion, Recall Ancestor, Ancestor Identity, Transference, Idealise


You were on level 9 of the Dungeon.
You worshipped Hepliaklqana.
Hepliaklqana was greatly pleased with you.
You visited 2 branches of the dungeon, and saw 10 of its levels.

You collected 800 gold pieces.
You spent 83 gold pieces at shops.

Inventory:

Hand Weapons
 a - a +4 war axe of freezing (weapon)
 j - a +1 antimagic hand axe
 r - the +5 whip of Uncomfortable Rashes {freeze, rC+}
   (You took it off an orc on level 2 of the Dungeon)

   It freezes those it strikes, dealing additional cold damage.
   It can also slow down cold-blooded creatures.
   rC:        It protects you from cold.
Missiles
 x - 15 poisoned darts (quivered)
 y - 2 curare-tipped darts
 z - 14 boomerangs
Armour
 m - a +0 pair of boots (worn)
 C - a +0 buckler (worn)
 D - a +0 pair of gloves (worn)
 E - +0 acid dragon scales
 L - the +3 chain mail of Evolution (worn) {rElec Str+3 Int+4}
   (You found it on level 8 of the Dungeon)

   Str:       It affects your strength (+3).
   Int:       It affects your intelligence (+4).
   rElec:     It insulates you from electricity.
Jewellery
 o - a ring of resist corrosion (left hand)
 t - an amulet of reflection
 w - a ring of ice
 G - an amulet of guardian spirit (around neck)
 J - an amulet of faith
Wands
 b - a wand of iceblast (10)
 g - a wand of digging (3)
 p - a wand of mindburst (14)
 B - a wand of paralysis (8)
Scrolls
 c - a scroll of fog
 d - 3 scrolls of magic mapping
 e - 5 scrolls of identify {unknown}
 h - 6 scrolls of teleportation {unknown}
 k - 3 scrolls of noise {unknown}
 n - 2 scrolls of immolation {unknown}
 s - a scroll of enchant armour {unknown}
 F - 3 scrolls of amnesia {unknown}
 M - 3 scrolls of vulnerability {unknown}
 N - a scroll of fear
Potions
 f - 3 potions of mutation {unknown}
 i - 5 potions of curing
 l - a potion of magic {unknown}
 q - 2 potions of might {unknown}
 u - a potion of lignification {unknown}
 v - 4 potions of heal wounds
 A - 3 potions of attraction {unknown}
 H - 2 potions of brilliance {unknown}
 I - a potion of flight {unknown}
 K - a potion of cancellation {unknown}


   Skills:
 + Level 7.5 Fighting
 * Level 3.2 Axes
 + Level 5.3 Throwing
 + Level 5.9 Armour
 + Level 6.4 Dodging
 - Level 5.0 Stealth
 + Level 4.4 Shields
 - Level 8.0 Invocations
 + Level 6.6 Evocations


You had 10 spell levels left.
You didn't know any spells.
Your spell library contained the following spells:

 Spells                   Type           Power      Damage    Failure   Level
 Beastly Appendage        Tmut           0%         N/A       94%         1
 Sandblast                Erth           0%         2d4       94%         1
 Shock                    Conj/Air       0%         1d3       94%         1
 Passwall                 Tmut/Erth      0%         N/A       98%         2
 Wereblood                Tmut           0%         N/A       98%         2
 Ignite Poison            Fire/Tmut/Pois 0%         N/A       100%        3
 Kindle Blastsparks       Fire/Tloc/Air  0%         2d10      100%        3
 Spider Form              Tmut/Pois      0%         N/A       100%        3
 Stone Arrow              Conj/Erth      0%         3d7       100%        3
 Tukima's Dance           Hex            0%         N/A       100%        3
 Passage of Golubria      Tloc           0%         N/A       100%        4
 Sticky Flame             Conj/Fire      0%         2d3       100%        4
 Alistair's Intoxication  Tmut/Pois      0%         N/A       100%        5
 Freezing Cloud           Conj/Ice/Air   0%         6-21      100%        5
 Yara's Violent Unravell  Hex/Tmut       0%         3d3       100%        5


Dungeon Overview and Level Annotations

Branches:
Dungeon (9/15)             Temple (1/1) D:5
   Lair: D:8-11         Orc: D:9-12

Altars:
Cheibriados
Dithmenos
Gozag
Hepliaklqana
Kikubaaqudgha
Ru
Sif Muna
Xom
Yredelemnul

Shops:
D:4 *   D:7 *


Innate Abilities, Weirdness & Mutations

Your life essence is reduced to manifest your ancestor. (-10% HP)
You are partially covered in sharp spines.
You have an extremely huge brain. (Int +4)
Spells you cast may paralyse nearby enemies.


Message History

The howler monkey hoots and howls with incredible vigour!
You hear an angry buzzing noise. x2
You hit the slime creature. You freeze the slime creature.
The slime creature is moderately wounded.
The slime creature hits you!
Arammadara points at the slime creature and mumbles some strange words.
The puff of frost hits the slime creature.
Unknown command.
You barely miss the slime creature.
The slime creature is moderately wounded.
You slash the large slime creature! You freeze the large slime creature.
The slime creature hits you.
Two slime creatures merge to form a very large slime creature.
Arammadara hits the slime creature with a +0 quarterstaff!!
The howler monkey hoots and howls with incredible vigour!
The slime creature hits you!
Arammadara hits the slime creature with a +0 quarterstaff!!
The slime creature dies!
You hear an angry buzzing noise.
You slash the very large slime creature!
You freeze the very large slime creature.
The very large slime creature is lightly wounded.
The very large slime creature misses you.
Arammadara hits the very large slime creature with a +0 quarterstaff!
The howler monkey hits you but does no damage.
You hit the very large slime creature.
You freeze the very large slime creature.
The very large slime creature is moderately wounded.
You barely miss the howler monkey.
The very large slime creature is struck by your spines.
The very large slime creature hits you!!!
* * * LOW HITPOINT WARNING * * *
Arammadara points at the very large slime creature and mumbles some strange words.
The puff of frost hits the very large slime creature!
The howler monkey hits you but does no damage.
The very large slime creature attacks as you move away!
The very large slime creature is struck by your spines.
The very large slime creature hits you!!!
Ouch! That really hurt!
You die...

##' #..... .######
..##.... ....... .......
....... ..... .......
...< ....... #### #.h#
....... #...##Jh# ####...
#.....R@# #... ........#
#... .........# #...
.........## #...
.......#..## #...
#....###..### #######...
##...##.##...###....#####
#.....#.#...........#....
#..#.##.##.#........#....


You could see the friendly Arammadara the battlemage, a very large slime
creature (ally target) and 2 howler monkeys.

Vanquished Creatures
  A two-headed ogre (D:7)
  A deep elf pyromancer (D:9)
  An ugly thing (D:8)
  A cyclops (D:8)
  2 vampire mosquitoes
  Menkaure (D:7)
  2 black bears
  2 orc warriors
  A phantom (D:4)
  2 kobold brigands
  2 bullfrogs
  5 scorpions
  7 wights (D:8)
  3 killer bees (D:8)
  2 hounds
  2 jellies
  2 orc priests
  2 iguanas
  4 orc wizards
  13 gnolls
  4 adders
  4 worms
  2 dart slugs (D:4)
  12 orcs
  6 endoplasms
  5 goblins
  10 hobgoblins
  2 jackals (D:4)
  3 quokkas
  10 ball pythons
  4 bats
  4 frilled lizards
  24 kobolds
  2 rats
148 creatures vanquished.

Vanquished Creatures (collateral kills)
  A centaur warrior (D:9)
  Pikel (D:5)
  A hornet (D:7)
  Prince Ribbit (D:9)
  A slime creature (D:9)
  A spriggan (shapeshifter) (D:9)
  Eustachio (D:5)
  An acid dragon (D:6)
  An orc warrior (D:6)
  2 ice beasts
  A black bear (D:7)
  2 sky beasts
  3 lemures (D:6)
  2 kobold brigands
  2 bullfrogs (D:8)
  2 gnoll sergeants
  2 scorpions
  4 wights (D:6)
  2 killer bees (D:8)
  2 howler monkeys
  A jelly (D:6)
  A hound (D:6)
  A gnoll bouda (D:5)
  3 iguanas
  4 adders
  15 gnolls
  An ufetubus (D:6)
  4 orcs
  A ball python (D:1)
  A bat (D:1)
  An endoplasm (D:2)
  A jackal (D:4)
  A quokka (D:4)
  A goblin (D:4)
  21 kobolds
  A rat (D:1)
91 creatures vanquished.

Vanquished Creatures (others)
  6 battlemagi
  An ancestor (D:3)
  7 plants
14 creatures vanquished.

Grand Total: 253 creatures vanquished

Notes
Turn   | Place    | Note
-------+----------+-------------------------------------------
     0 | D:5      | flotson the Demonspawn Delver began the quest for the Orb.
     0 | D:5      | Reached XP level 1. HP: 18/18 MP: 1/1
     4 | D:5      | Found a staircase to the Ecumenical Temple.
     8 | D:5      | Noticed a jelly
    14 | Temple   | Entered the Ecumenical Temple
    23 | Temple   | Became a worshipper of Hepliaklqana the Forgotten
    65 | D:4      | Found Negod's Assorted Antiques.
    66 | D:4      | Noticed an iguana
   100 | D:4      | Noticed a scorpion
   243 | D:2      | Found a faded altar of an unknown god.
   326 | D:1      | Reached * piety under Hepliaklqana
   381 | D:1      | Gained mutation: You have an unusually large brain. (Int
                  | +2) [demonic ancestry]
   381 | D:1      | Reached XP level 2. HP: 21/21 MP: 0/2
  1233 | D:2      | Reached skill level 1 in Evocations
  1233 | D:2      | Reached XP level 3. HP: 26/26 MP: 1/3
  1259 | D:2      | Reached ** piety under Hepliaklqana
  1265 | D:2      | Reached skill level 1 in Armour
  2072 | D:3      | Identified the +5 whip of Uncomfortable Rashes {freeze,
                  | rC+}
  2178 | D:3      | Gained mutation: Spells you cast may paralyse adjacent
                  | enemies. [demonic ancestry]
  2178 | D:3      | Reached XP level 4. HP: 27/31 MP: 4/4
  2410 | D:3      | Reached skill level 5 in Stealth
  2475 | D:3      | Reached *** piety under Hepliaklqana
  2624 | D:4      | Remembered your ancestor Arammadara as a battlemage
  2640 | D:4      | Killed a scorpion
  2641 | D:4      | Reached skill level 1 in Invocations
  2641 | D:4      | Reached XP level 5. HP: 37/37 MP: 4/6
  2764 | D:4      | Noticed a phantom
  2772 | D:4      | Killed a phantom
  2773 | D:4      | Reached skill level 2 in Invocations
  2773 | D:4      | Reached XP level 6. HP: 26/43 MP: 7/7
  3251 | D:4      | Reached skill level 3 in Invocations
  3421 | D:4      | Gained mutation: You have an extremely huge brain. (Int +4)
                  | [demonic ancestry]
  3421 | D:4      | Reached XP level 7. HP: 31/49 MP: 9/9
  3742 | D:4      | Reached skill level 1 in Throwing
  4435 | D:5      | Reached skill level 4 in Invocations
  4488 | D:5      | Reached skill level 5 in Fighting
  4513 | D:5      | Noticed Eustachio
  4776 | D:5      | Gained mutation: You are partially covered in sharp spines.
                  | [demonic ancestry]
  4776 | D:5      | Reached XP level 8. HP: 55/55 MP: 11/11
  4816 | D:5      | Reached **** piety under Hepliaklqana
  4827 | D:5      | Killed Eustachio
  5105 | D:5      | Reached skill level 5 in Invocations
  5279 | D:6      | Noticed Pikel
  5326 | D:5      | Killed Pikel
  5327 | D:5      | Reached skill level 1 in Shields
  5327 | D:5      | Gained mutation: Spells you cast may paralyse nearby
                  | enemies. [demonic ancestry]
  5327 | D:5      | Reached XP level 9. HP: 45/62 MP: 9/13
  5653 | D:6      | Reached skill level 6 in Invocations
  5653 | D:6      | Reached skill level 5 in Evocations
  5712 | D:6      | Reached skill level 5 in Dodging
  6203 | D:4      | Bought a scroll labelled ASAETE LAYTSIK for 27 gold pieces
  6571 | D:7      | Noticed Menkaure
  6581 | D:7      | Killed Menkaure
  6678 | D:7      | Noticed a two-headed ogre
  6782 | D:7      | Killed a two-headed ogre
  6783 | D:7      | Reached skill level 5 in Armour
  6882 | D:7      | Reached XP level 10. HP: 69/69 MP: 15/15
  6894 | D:7      | Paralysed by a hornet for 3 turns
  6901 | D:7      | Reached skill level 7 in Invocations
  7144 | D:7      | Found Gyschuaj's General Store.
  7147 | D:7      | Bought a potion of curing for 42 gold pieces
  7147 | D:7      | Bought a potion of degeneration for 14 gold pieces
  7901 | D:8      | Noticed a cyclops
  7901 | D:8      | Noticed a cyan ugly thing
  7932 | D:8      | Killed a cyan ugly thing
  8139 | D:8      | Killed a cyclops
  8236 | D:8      | Identified the +3 chain mail of Evolution {rElec Str+3
                  | Int+4}
  8248 | D:8      | Got the Teachings on Combative Changing
  8906 | D:9      | Noticed Prince Ribbit
  8911 | D:9      | Killed Prince Ribbit
  8912 | D:9      | Reached skill level 5 in Throwing
  8933 | D:9      | Noticed a centaur warrior
  8945 | D:9      | Killed a centaur warrior
  8946 | D:9      | Reached skill level 8 in Invocations
  9044 | D:9      | Noticed a deep elf pyromancer
  9048 | D:9      | Killed a deep elf pyromancer
  9049 | D:9      | Reached XP level 11. HP: 75/75 MP: 17/17
  9164 | D:9      | Annihilated by a very large slime creature

Illustrated notes

Levels and vault maps discovered:
D:1:      nzn_arrival_crosshair, layout_basic, st_stairs_6
D:2:      layout_basic, ebering_ecumenical_altar_rust, serial_bayou_pond_a,
          chequers_serial_rivers_small_a
D:3:      kennysheep_six_static_rooms, layout_basic, minmay_shallow_snake_nest
D:4:      minmay_goblin_kobold_castle, layout_loops_ring, serial_shops, shop,
          kennysheep_nub, kennysheep_generic_room_16
D:5:      layout_basic, minmay_temple_entry_waves, uniq_eustachio
D:6:      layout_basic, grunt_potential, uniq_pikel
D:7:      layout_basic, serial_shops, kennysheep_mini_moat, uniq_menkaure
D:8:      layout_loops_ring, minmay_radiant
D:9:      layout_gridville, minmay_fractal_squares_gapless_7,
          uniq_prince_ribbit1
Temple:   nicolae_temple_two_arcs

Skill      XL: |  1  2  3  4  5  6  7  8  9 10 |
---------------+-------------------------------+-----
Dodging        | 2 3 4 5 6 |  6.4
Evocations     | 1 2 3 4 5 6 |  6.6
Armour         | 1 2 3 4 5 |  5.9
Stealth        | 5 |  5.0
Invocations    | 1 2 3 4 5 6 8 |  8.0
Fighting       | 4 5 6 7 |  7.5
Throwing       | 1 3 4 5 |  5.3
Shields        | 1 3 4 |  4.4
Axes           | 3 |  3.2

Action                   |  1- 3 |  4- 6 |  7- 9 | 10-12 || total
-------------------------+-------+-------+-------+-------++-------
Melee: Hand axe          |    88 |       |       |       ||    88
       Whip              |     3 |   103 |   177 |    92 ||   375
       Punch             |       |     1 |     1 |       ||     2
       War axe           |       |       |       |    43 ||    43
Throw: Dart              |       |       |    10 |       ||    10
Invok: Ancestor Life: Ba |       |     1 |       |       ||     1
       Recall Ancestor   |       |       |     2 |       ||     2
  Use: Potion            |     1 |       |     1 |       ||     2
       Scroll            |     1 |       |       |       ||     1
 Stab: Distracted        |     1 |     2 |     1 |     3 ||     7
       Sleeping          |     2 |     7 |     1 |       ||    10
Armor: Ring mail         |    25 |    38 |    54 |       ||   117
       Leather armour    |     1 |       |       |       ||     1
       Acid dragon scale |       |       |    13 |    22 ||    35
       Chain mail        |       |       |       |    29 ||    29
Dodge: Dodged            |    46 |    66 |   150 |    62 ||   324
Block: Buckler           |       |       |    21 |    26 ||    47

Table legend: (Time is in decaauts)
 A = Elapsed time spent in this place.
 B = Non-inter-level travel time spent in this place.
 C = Inter-level travel time spent in this place.
 D = Time resting spent in this place.
 E = Time spent auto-exploring this place.
 F = Levels seen in this place.
 G = Mean time per level.
                   A        B        C        D        E       F      G
               +--------+--------+--------+--------+--------+-----+--------+
         Total |   9225 |   8882 |    343 |    836 |   6320 |  10 |  922.5 |
       Dungeon |   9206 |   8872 |    334 |    836 |   6320 |   9 | 1022.9 |
        Temple |     18 |      9 |      9 |      0 |      0 |   1 |   18.0 |
               +--------+--------+--------+--------+--------+-----+--------+

Top non-repeatable levels by time:
     D:4: 1934 daAuts
     D:8: 1327 daAuts
     D:6: 1089 daAuts
     D:2: 1072 daAuts
     D:7: 1018 daAuts
     D:5: 950 daAuts
     D:3: 796 daAuts
     D:1: 639 daAuts
     D:9: 378 daAuts
  Temple: 18 daAuts
